 Dungeon Crawl Stone Soup version 0.26.0-10-g1f06aea511 (webtiles) character file.

Game seed: 13176980377111952587

403 dracos369 the Archer (level 6, -1/31 (34) HPs)
             Began as a Deep Elf Hunter on Jan 21, 2021.
             Slain by an orc
             ... wielding a +1 scimitar of draining
              (2 damage)
             ... on level 4 of the Dungeon.
             The game lasted 00:10:19 (4211 turns).

dracos369 the Archer (Deep Elf Hunter)              Turns: 4211, Time: 00:10:19

HP:   -1/31 (34)    AC:  4    Str: 11    XL:     6   Next: 55%
MP:   8/8           EV: 12    Int: 22    God:
Gold: 180           SH:  5    Dex: 15    Spells: 5/5 levels left

rFire    . . .     SeeInvis .   a - +1 shortbow
rCold    . . .     Faith    .   (shield currently unavailable)
rNeg     . . .     Spirit   .   c - +0 leather armour
rPois    .         Reflect  +   (no helmet)
rElec    .         Harm     .   (no cloak)
rCorr    .         Rampage  .   l - +0 pair of gloves
Will     .....                  (no boots)
Stlth    ++........             j - amulet of reflection
HPRegen  0.10/turn              i - +6 ring of intelligence
MPRegen  0.11/turn              (no ring)

@: drained
A: no striking features
a: no special abilities


You were on level 4 of the Dungeon.
You visited 1 branch of the dungeon, and saw 4 of its levels.

You collected 180 gold pieces.

Inventory:

Hand Weapons
 a - a +1 shortbow (weapon)
 b - a +1 dagger of venom
Missiles
 d - 7 arrows (quivered ammo)
Armour
 c - a +0 leather armour (worn)
 l - a +0 pair of gloves (worn)
Magical Staves
 k - an uncursed staff of cold
Jewellery
 i - a +6 ring of intelligence (left hand)
 j - an amulet of reflection (around neck)
Scrolls
 e - 2 scrolls of remove curse {unknown}
 f - 4 scrolls of teleportation {unknown}
Potions
 g - a potion of flight {unknown}
 h - 2 potions of curing {unknown}


   Skills:
 - Level 1.5 Fighting
 + Level 10.3 Bows
 - Level 2.4 Dodging
 - Level 1.2 Stealth


You had 5 spell levels left.
You didn't know any spells.
Your spell library was empty.

Dungeon Overview and Level Annotations

Branches:
Dungeon (4/15)
 Temple: D:4-7

Altars:


Message History

You shoot an arrow.
The arrow hits the orc but does no damage.
The orc hits you with a +1 scimitar of draining.
* * * LOW HITPOINT WARNING * * *
You feel drained.
* * * LOW HITPOINT WARNING * * *
Unknown command.
Fire: 9 arrows
Press: ? - help, Q - select action Shift-Dir - straight line, f/p - orc
Aim: an orc, wielding a +1 scimitar of draining You shoot an arrow.
The arrow barely misses the orc.
Unknown command.
Fire: 8 arrows
Press: ? - help, Q - select action Shift-Dir - straight line, f/p - orc
Aim: an orc, wielding a +1 scimitar of draining You shoot an arrow.
The arrow barely misses the orc.
The orc hits you with a +1 scimitar of draining!
* * * LOW HITPOINT WARNING * * *
You feel drained.
You die...

#...#.####.# ##...#.#
#.# #....#.####.#
#...........#
#....#.######
##.#.#.# #.#.#.#
#.#.#.# ## #.#.#@# #.
#.#.#o# ######.
#.#.#)# #.. ...
#...#.# #.###..
##..#.# #...#.#
#..#.##########.#....
#.....).o..††>.....##
#.##(......#####.#.#
#.########.# ##[..##


You could see an orc.

Vanquished Creatures
  A howler monkey (D:4)
  A centaur skeleton (D:4)
  2 orc wizards
  3 worker ants (D:4)
  4 gnolls (D:3)
  6 adders
  An ooze (D:3)
  An adder skeleton (D:4)
  4 worms
  A dart slug (D:2)
  3 leopard geckos
  10 orcs
  A ball python (D:2)
  6 giant cockroaches
  6 goblins
  3 hobgoblins
  14 jackals
  5 kobolds
  2 quokkas (D:3)
  7 bats
  2 frilled lizards
  6 rats
89 creatures vanquished.

Notes
Turn   | Place    | Note
-------+----------+-------------------------------------------
     0 | D:1      | dracos369 the Deep Elf Hunter began the quest for the Orb.
     0 | D:1      | Reached XP level 1. HP: 12/12 MP: 3/3
   128 | D:1      | Reached XP level 2. HP: 16/16 MP: 4/4
   180 | D:1      | Reached skill level 6 in Bows
   949 | D:1      | Reached XP level 3. HP: 20/20 MP: 5/5
  1538 | D:2      | Reached skill level 7 in Bows
  2176 | D:3      | Reached XP level 4. HP: 3/25 MP: 6/6
  2515 | D:3      | Reached skill level 8 in Bows
  2578 | D:3      | Reached XP level 5. HP: 28/29 MP: 7/7
  3367 | D:4      | Reached skill level 9 in Bows
  3553 | D:4      | Reached XP level 6. HP: 14/34 MP: 8/8
  4034 | D:4      | Reached skill level 10 in Bows
  4211 | D:4      | HP: 1/33 [orc/+1 scimitar of draining (7)]
  4211 | D:4      | Slain by an orc

Illustrated notes

Levels and vault maps discovered:
D:1:      dpeg_arrival_simpleton_a, layout_basic, st_stairs_14
D:2:      layout_loops_ring, serial_bayou_pond_a
D:3:      layout_basic, hangedman_abyss_or_decor_stabs
D:4:      layout_loops_ring, minmay_fractal_squares_5

Skill      XL: |  1  2  3  4  5  6 |
---------------+-------------------+-----
Bows           | 6 7 8 9 10 | 10.3
Fighting       | |  1.5
Dodging        | |  2.4
Stealth        | |  1.2

Action                   |  1- 3 |  4- 6 || total
-------------------------+-------+-------++-------
Melee: Short sword       |    38 |       ||    38
       Dagger            |    12 |    84 ||    96
 Fire: Shortbow          |   104 |    72 ||   176
  Use: Potion            |     1 |       ||     1
Armor: Leather armour    |    10 |    22 ||    32
Dodge: Dodged            |    37 |    43 ||    80
Block: Other             |     3 |    19 ||    22
       Reflection        |     1 |       ||     1
